Map: [ESL] Tropical Sacrifice

Players

DisK

  • Race: Protoss Protoss
  • Spawn Location: 1:00

Scarlett - Winner!

  • Race: Zerg Zerg
  • Spawn Location: 7:00

Event: DreamHack SC2 Masters 2022 Atlanta (Online)

VOD

Have the link to the VOD?

Description

Time

  • Played on: Oct. 14, 2022, 5 p.m.
  • Length: 15:32

All games in this series

Show
View Real Time Build Order
Export as new Build Order

DisK Protoss 

Build Orders: 1 Gate Expand, Oracle Opening 

Get SALT Encoding   

  12  0:00  Probe  
  13  0:12  Probe  
  14  0:20  Pylon  
  14  0:24  Probe  
  15  0:38  Probe (Chrono Boost)  
  15  0:39  Gateway  
  16  0:48  Probe (Chrono Boost), Assimilator  
  17  0:53  Probe (Chrono Boost)  
  18  1:04  Probe  
  19  1:16  Probe  
  20  1:26  Nexus  
  20  1:35  Cybernetics Core  
  20  1:38  Probe  
  21  1:44  Assimilator  
  21  1:50  Probe  
  22  1:55  Pylon  
  22  2:03  Probe (Chrono Boost)  
  23  2:10  Adept (Chrono Boost)  
  23  2:14  Probe (Chrono Boost)  
  26  2:21  Stargate  
  26  2:22  Probe  
  26  2:29  Warp Gate  
  27  2:34  Probe  
  28  2:37  Probe  
  28  2:38  Stalker (Chrono Boost)  
  31  2:47  Probe  
  31  2:50  Probe  
  33  2:59  Probe  
  33  3:02  Probe  
  35  3:06  Oracle (Chrono Boost)  
  35  3:11  Probe  
  39  3:14  Probe  
  39  3:15  Gateway  
  40  3:24  Probe  
  40  3:25  Pylon  
  41  3:28  Probe  
  42  3:35  Oracle (Chrono Boost)  
  42  3:36  Probe  
  46  3:43  Probe  
  47  3:53  Nexus  
  47  3:56  Probe  
  47  3:57  Pylon  
  48  4:11  Twilight Council  
  48  4:12  Pylon  
  48  4:13  Probe x2  
  50  4:20  Adept x2  
  54  4:25  Probe x2  
  54  4:31  Gateway  
  56  4:33  Gateway  
  56  4:37  Probe x2  
  58  4:42  Assimilator  
  58  4:43  Assimilator  
  58  4:47  Pylon  
  58  4:49  Probe x2  
  60  4:58  Resonating Glaives (Chrono Boost)  
  60  5:01  Probe  
  60  5:06  Adept x2  
  65  5:10  Probe x2  
  67  5:14  Probe  
  67  5:21  Gateway x2  
  68  5:22  Probe x2  
  68  5:25  Shield Battery, Pylon  
  68  5:26  Probe  
  71  5:34  Probe  
  72  5:37  Adept x3  
  72  5:41  Adept  
  72  5:54  Probe x3  
  64  6:05  Adept x2  
  64  6:06  Adept x2, Probe (Chrono Boost)  
  64  6:07  Probe x2 (Chrono Boost)  
  75  6:18  Probe x2 (Chrono Boost)  
  75  6:19  Adept x2, Probe (Chrono Boost)  
  75  6:23  Probe (Chrono Boost)  
  80  6:28  Adept x3  
  80  6:30  Adept  
  87  6:35  Probe x2 (Chrono Boost)  
  90  6:40  Probe (Chrono Boost)  
  87  7:01  Probe x3  
  84  7:08  Shield Battery  
  84  7:13  Adept x6, Probe x3  
  87  7:25  Probe x3  
  88  7:33  Assimilator  
  88  7:35  Templar Archives  
  88  7:37  Probe x3  
  88  7:39  Gateway  
  88  7:41  Gateway  
  91  7:47  Adept x6  
  91  7:49  Probe x2  
  101  7:53  Probe  
  101  7:54  Charge (Chrono Boost)  
  94  7:59  Assimilator  
  94  8:01  Probe x2  
  94  8:02  Forge  
  93  8:05  Probe  
  93  8:10  Shield Battery  
  93  8:13  Protoss Ground Weapons Level 1 (Chrono Boost), High Templar x4  
  93  8:17  Pylon x2  
  93  8:18  Pylon  
  101  8:22  Gateway  
  101  8:24  Robotics Facility  
  101  8:27  Archon x2  
  101  8:29  Gateway, Pylon  
  101  8:35  Probe, Pylon  
  102  8:41  High Templar x3  
  102  8:42  High Templar  
  102  8:46  Nexus  
  102  8:47  Archon x2  
  110  8:49  Zealot  
  110  8:51  Pylon  
  112  8:56  Zealot x2  
  112  8:59  Psionic Storm  
  116  9:13  Photon Cannon  
  116  9:14  Photon Cannon  
  113  9:17  Shield Battery  
  113  9:18  High Templar x4  
  113  9:19  Pylon  
  113  9:23  Stalker  
  123  9:27  High Templar  
  125  9:32  Gateway  
  125  9:33  Probe x2  
  125  9:34  Probe, Photon Cannon  
  125  9:35  Photon Cannon  
  128  9:45  Assimilator, High Templar x2  
  132  9:49  Warp Prism (Chrono Boost), Assimilator  
  132  9:51  Probe x3  
  135  10:07  Pylon  
  131  10:08  Protoss Ground Weapons Level 2 (Chrono Boost)  
  131  10:19  Observer (Chrono Boost)  
  131  10:20  Zealot x10  
  152  10:37  Immortal  
  136  10:45  Stalker x4  
  136  10:46  Stalker x3  
  121  10:50  Probe x4  
  121  10:56  Stalker  
  126  11:02  Probe x4  
  130  11:04  Stalker x2  
  134  11:14  Probe x2  
  134  11:15  Probe x2  
  134  11:17  Observer (Chrono Boost)  
  139  11:26  Probe x2  
  139  11:27  Probe x2  
  141  11:34  Stalker  
  141  11:40  Probe x2  
  141  11:43  High Templar x4  
  141  11:45  Probe (Chrono Boost)  
  141  11:47  Archon x2, Probe (Chrono Boost)  
  151  11:53  Immortal (Chrono Boost)  
  153  11:57  Probe (Chrono Boost)  
  153  11:58  Probe x2 (Chrono Boost)  
  159  12:02  Zealot x5  
  159  12:03  Probe (Chrono Boost)  
  159  12:06  Probe (Chrono Boost)  
  170  12:12  Zealot  
  158  12:15  Zealot  
  158  12:16  Zealot x3  
  165  12:26  Zealot  
  165  12:27  Zealot x2  
  171  12:34  Probe  
  171  12:37  Pylon  
  172  12:40  Pylon  
  172  12:52  Pylon  
  172  12:59  High Templar x5  
  172  13:00  High Templar  
  172  13:01  High Templar x2  
  172  13:02  Probe x2  
  172  13:03  Immortal (Chrono Boost)  
  172  13:04  Archon x3  
  184  13:05  Archon  
  184  13:29  Immortal (Chrono Boost)  
  184  13:31  Zealot x2  
  184  13:32  Zealot x2  
  185  13:39  Zealot x6  
  183  13:46  Probe  
  183  13:47  Probe x3  
  183  13:59  Probe  
  183  14:02  Zealot x5  
  186  14:03  Zealot  
  186  14:08  Zealot x4  
  172  14:27  Zealot x3  
  132  14:51  High Templar x5  
  132  14:52  High Templar x5  
  147  14:57  Archon x4  
Show
View Real Time Build Order
Export as new Build Order

Scarlett Zerg - Winner!

Build Orders: Hatch First, Lurkers 

Get SALT Encoding   

  12  0:00  Drone  
  13  0:13  Overlord  
  13  0:18  Drone  
  14  0:31  Drone x2  
  16  0:49  Hatchery  
  15  0:52  Drone  
  15  0:55  Drone  
  17  0:59  Drone  
  18  1:10  Extractor  
  17  1:14  Spawning Pool  
  17  1:17  Drone  
  17  1:22  Drone  
  18  1:28  Drone  
  19  1:39  Drone  
  20  1:50  Drone  
  21  2:00  Queen x2  
  25  2:01  Zergling x2, Overlord  
  26  2:11  Drone x2  
  28  2:18  Metabolic Boost  
  28  2:23  Drone x2  
  30  2:37  Drone  
  30  2:39  Hatchery  
  30  2:44  Zergling x2  
  31  2:46  Drone  
  31  2:49  Queen  
  34  2:55  Overlord  
  34  2:58  Drone x2  
  36  3:10  Overlord  
  36  3:12  Queen  
  36  3:13  Drone x2  
  36  3:15  Drone  
  36  3:18  Drone x2  
  43  3:22  Drone  
  44  3:28  Queen  
  46  3:37  Drone  
  46  3:38  Drone x2  
  46  3:40  Spore Crawler  
  48  3:46  Drone  
  48  3:47  Drone x2  
  50  3:53  Queen  
  53  3:55  Drone x2  
  53  3:59  Drone x3, Evolution Chamber  
  53  4:02  Queen  
  57  4:12  Drone, Overlord  
  57  4:16  Overlord  
  58  4:22  Overlord  
  58  4:27  Overlord  
  58  4:28  Overlord  
  58  4:30  Queen, Zerg Melee Weapons Level 1  
  60  4:31  Drone  
  60  4:32  Drone x4  
  60  4:35  Overlord  
  65  4:40  Drone x3  
  65  4:41  Drone x2  
  70  4:50  Zergling x2  
  70  4:51  Zergling x8  
  70  5:01  Zergling x2  
  70  5:02  Zergling x8  
  73  5:11  Drone  
  73  5:12  Drone x4, Hatchery  
  77  5:17  Drone x2  
  77  5:18  Lair  
  79  5:21  Drone x2  
  81  5:34  Zergling x12  
  87  5:38  Extractor  
  87  5:39  Extractor  
  87  5:40  Drone x3  
  87  5:42  Extractor x2  
  86  5:48  Drone x4  
  87  5:53  Drone x3  
  88  5:57  Drone x3  
  88  5:59  Extractor  
  88  6:00  Zergling x2  
  88  6:03  Zergling x2  
  87  6:10  Zergling x8  
  89  6:18  Zergling x6  
  89  6:24  Zergling x12, Baneling Nest  
  89  6:25  Hydralisk Den  
  92  6:27  Zerg Melee Weapons Level 2  
  92  6:30  Spore Crawler  
  92  6:31  Spore Crawler  
  90  6:35  Drone x7  
  90  6:37  Drone  
  98  6:43  Zergling x6  
  98  6:44  Queen  
  98  6:46  Zergling x2, Spine Crawler  
  100  6:47  Spine Crawler  
  100  6:48  Zergling x6  
  100  6:51  Zergling x2  
  103  6:57  Zergling x6  
  103  6:58  Zergling x6  
  103  7:00  Queen  
  105  7:03  Zergling x6  
  105  7:12  Zergling x8  
  105  7:15  Overseer  
  97  7:19  Zergling x12  
  97  7:24  Drone x3  
  97  7:29  Drone x3  
  97  7:32  Drone x2  
  97  7:33  Zergling x4  
  97  7:34  Baneling  
  97  7:35  Baneling x5  
  101  7:38  Muscular Augments, Centrifugal Hooks  
  97  7:48  Drone x8  
  94  7:52  Zergling x2  
  94  7:53  Zergling x8  
  93  8:00  Drone  
  93  8:01  Drone x3  
  96  8:08  Hydralisk x2  
  100  8:16  Drone x5, Overlord  
  100  8:17  Drone  
  100  8:18  Drone  
  107  8:27  Overlord x2  
  107  8:29  Hydralisk x2, Baneling x2  
  111  8:36  Drone x2  
  111  8:37  Hydralisk x3  
  111  8:39  Baneling  
  111  8:40  Overlord x2  
  119  8:47  Hydralisk x4  
  127  8:51  Overlord  
  127  8:52  Overlord  
  127  8:53  Overlord  
  127  8:59  Hydralisk x3  
  127  9:01  Grooved Spines  
  127  9:02  Zerg Missile Weapons Level 1  
  133  9:11  Hydralisk  
  133  9:12  Hydralisk x4  
  143  9:18  Overseer, Hydralisk x4  
  151  9:31  Zergling x26  
  164  9:39  Zergling x8  
  164  9:42  Hatchery  
  167  9:48  Zergling x4  
  167  9:49  Zergling x12  
  176  10:04  Hatchery  
  176  10:05  Overlord x3  
  174  10:07  Infestation Pit  
  171  10:16  Baneling x4  
  171  10:17  Baneling x25  
  171  10:20  Baneling x17, Extractor x2  
  169  10:23  Zergling x4  
  170  10:35  Zergling x18  
  171  10:36  Zergling x8  
  176  10:44  Hive  
  176  10:47  Zergling x12, Lurker Den  
  172  10:53  Zergling x12  
  173  11:07  Zergling x24  
  173  11:10  Zerg Missile Weapons Level 2  
  182  11:14  Evolution Chamber  
  182  11:15  Spine Crawler  
  182  11:16  Spine Crawler  
  179  11:20  Zergling x2  
  179  11:25  Zergling x20  
  186  11:27  Baneling x5  
  186  11:28  Baneling x2  
  186  11:29  Baneling x2  
  186  11:32  Baneling x6  
  184  11:33  Baneling x2  
  184  11:39  Baneling x9  
  183  11:40  Baneling x3  
  181  11:49  Lurker x6  
  181  11:50  Overlord  
  181  11:51  Drone x3  
  189  11:59  Drone x3, Spine Crawler  
  189  12:00  Drone x3  
  194  12:04  Seismic Spines  
  191  12:13  Lurker x2  
  183  12:22  Zerg Ground Armor Level 1  
  175  12:25  Adrenal Glands  
  175  12:29  Zergling x30  
  190  12:30  Zergling x2  
  190  12:31  Zergling x2  
  190  12:34  Extractor x2  
  190  12:39  Drone  
  190  12:40  Drone  
  188  12:51  Lurker x5  
  188  12:52  Overseer, Overlord  
  188  13:04  Adaptive Talons  
  184  13:06  Overseer  
  184  13:08  Hatchery  
  184  13:09  Zergling x14  
  184  13:10  Zergling x18  
  199  13:15  Pneumatized Carapace  
  194  13:40  Zergling x24  
  197  13:58  Lurker x2  
  191  14:13  Lurker x4, Baneling x6  
  191  14:14  Zergling x2  
  191  14:15  Zergling x16  
  191  14:16  Overlord  
  193  14:31  Drone x8  
  193  14:42  Lurker x3  
  193  14:44  Extractor  
  191  14:55  Hydralisk x3, Spine Crawler  
  191  14:56  Hydralisk x2  
  192  15:10  Zergling x2  
  192  15:11  Zergling x20  
Tags
 
Add a new tag
Caveats
  • Supply blocks, unpowered buildings, or Contaminate may cause inaccurate times.
  • Supply counts are checked every 10 seconds.